 Dungeon Sprint DCSS version 0.31-a0-841-g038b102fc3 (webtiles) character file.

Game seed: 10041512865823934649

280 sircluck the Ruffian (level 6, 0/102 HPs)
             Began as a Troll Berserker on Sept 27, 2023.
             Was a Believer of Trog.
             Slain by a centaur warrior (2 damage)
             ... in the Dungeon (Sprint I: "Red Sonja").
             The game lasted 00:00:43 (288 turns).

sircluck the Ruffian (Troll Berserker)               Turns: 288, Time: 00:00:44

Health: 0/102      AC:  4    Str: 28    XL:     6   Next: 5%
Magic:  5/5        EV: 11    Int:  3    God:    Trog [**....]
Gold:   182        SH:  0    Dex:  9    Spells: 5/5 levels left

rFire   . .          .
                       - Unarmed
rCold   . . .        (no shield)
rNeg    . . .        a - +0 animal skin
rPois   .            (helmet restricted)
rElec   .            (no cloak)
rCorr   .            (gloves unavailable)
SInv    .            (boots unavailable)
Will    .....        (no amulet) Stlth
                     (no ring)
HPRegen 1.17/turn    (no ring)
MPRegen 0.09/turn

%: no teleportation
@: berserking, very quick
A: large, unfitting armour, claws 3, regeneration 1, shaggy fur 1, tough skin 1
a: Renounce Religion, Berserk, Trog's Hand


You were in the Dungeon.
You worshipped Trog.
Trog was pleased with you.
You visited 1 branch You collected 182 gold pieces.

Inventory:

Armour
 a - a +0 animal skin (worn)
Wands
 h - a wand of flame (26)
Scrolls
 g - a scroll of blinking
Potions
 b - a potion of curing
 c - a potion of heal wounds
 d - a potion of haste
 e - 2 potions of magic
 f - a potion of berserk rage


   Skills:
 + Level 6.6 Fighting
 + Level 6.5 Dodging
 + Level 7.9 Unarmed Combat


You had 5 spell levels left.
You didn't know any spells.
Your spell library was empty.

Dungeon Overview and Level Annotations

Branches:
Dungeon (1/1)

Altars:
Sif Muna
Vehumet
Wu Jian


Innate Abilities, Weirdness & Mutations

You are too large for most types of armour.
You have claws for hands.
Your natural rate of healing is unusually fast.
You are covered in fur. (AC +1)
You have tough skin. (AC +1)


Message History

You start waiting.
A centaur warrior is nearby!
Found a dagger and 8 gold pieces.
A centaur warrior comes into view.
The centaur warrior moves out of view.
You start waiting.
There is an open door here.
There is an open door here.
There is an open door here.
Aiming: Throw Flame
Press: ? - help, Q - select action, (/) - cycle Shift-Dir - straight line, f - centaur warrior
Aim: a centaur warrior (asleep, 100% to hit)
You hear a shout!
You hear a shout!
The centaur warrior shouts!
The centaur warrior is engulfed in a cloud of scalding steam.
The centaur warrior wields a +0 orcbow of electrocution.
You hear the crackle of electricity.
The centaur warrior shoots an arrow.
The arrow hits you!!
You are electrocuted!!
As you close the door, it creaks loudly!
You start resting.
Something unseen breaks down the door.
The centaur warrior shouts!
The centaur warrior hits you! The centaur warrior kicks you.
The centaur warrior unwields a +0 orcbow of electrocution.
It stops crackling.
The centaur warrior hits you.
* * * LOW HITPOINT WARNING * * *
The centaur warrior kicks you.
* * * LOW HITPOINT WARNING * * *
The centaur warrior hits you!
* * * LOW HITPOINT WARNING * * *
The centaur warrior kicks you but does no damage.
There is a broken door, spattered with blood here.
A red film seems to cover your vision as you go berserk!
You feel yourself moving faster!
You feel mighty! The centaur warrior hits you!
* * * LOW HITPOINT WARNING * * *
The centaur warrior kicks you but does no damage.
The centaur warrior hits you but does no damage.
The centaur warrior kicks you.
You die...

################
#<.#.))..#..'..#
#..'..#..').#..+
#..#####'#####'#
## #..# #..#
#)####)§# #..#
#### ##§#c~§.§#
#..# #§§@§§~§§
#⌠⌠#
+...§#c§§..#
####
#_.#+##+#### ##+


You could see 2 centaur warriors.

Vanquished Creatures
  Sigmund (D)
  An ogre (D)
  A jelly (D)
  Ijyb (D)
4 creatures vanquished.

Notes
Turn   | Place    | Note
-------+----------+-------------------------------------------
     0 | D        | sircluck the Troll Berserker began the quest for the Orb.
     0 | D        | Reached XP level 1. HP: 22/22 MP: 0/0
     1 | D        | Noticed Ijyb
     8 | D        | HP: 1/22 [Ijyb/+0 dagger (5)]
     9 | D        | Killed Ijyb
    10 | D        | Reached skill level 4 in Unarmed Combat
    10 | D        | Reached XP level 2. HP: 2/31 MP: 1/1
   137 | D        | Noticed an ogre
   143 | D        | Killed an ogre
   144 | D        | Reached skill level 5 in Fighting
   144 | D        | Reached skill level 5 in Unarmed Combat
   144 | D        | Reached XP level 3. HP: 9/42 MP: 2/2
   144 | D        | Reached XP level 4. HP: 11/50 MP: 3/3
   191 | D        | Noticed Sigmund
   205 | D        | Killed Sigmund
   205 | D        | Reached ** piety under Trog
   206 | D        | Reached skill level 7 in Unarmed Combat
   206 | D        | Reached XP level 5. HP: 40/61 MP: 4/4
   237 | D        | Found an ornate altar of the Wu Jian Council.
   237 | D        | Found a shimmering blue altar of Sif Muna.
   239 | D        | Found a radiant altar of Vehumet.
   243 | D        | Reached XP level 6. HP: 68/68 MP: 5/5
   258 | D        | Noticed a centaur warrior
   263 | D        | Noticed a centaur warrior
   288 | D        | HP: 2/102 [centaur warrior (9)]
   288 | D        | Slain by a centaur warrior

Illustrated notes

Levels and vault maps discovered:
D:        dungeon_sprint_1 [red_sonja_temple_1, red_sonja_temple_small_1]

Skill      XL: |  1  2  3  4 |
---------------+-------------+-----
Fighting       | 3 5 6 |  6.6
Dodging        | 3 4 6 |  6.5
Unarmed Combat | 4 5 7 |  7.9

Action                     |  1- 3 |  4- 6 || total
---------------------------+-------+-------++-------
  Melee: Unarmed           |    11 |    15 ||    26
 Invoke: Berserk           |       |     1 ||     1
  Evoke: Wand              |     1 |     1 ||     2
 Armour: Animal skin       |     5 |    17 ||    22
  Dodge: Dodged            |     5 |     3 ||     8

Table legend: (Time is in decaauts)
 A = Elapsed time spent in this place.
 B = Non-inter-level travel time spent in this place.
 C = Inter-level travel time spent in this place.
 D = Time resting spent in this place.
 E = Time spent auto-exploring this place.
 F = Levels seen in this place.
 G = Mean time per level.
                   A        B        C        D        E       F      G
               +--------+--------+--------+--------+--------+-----+--------+
         Total |    285 |    285 |      0 |    142 |     79 |   1 |  285.0 |
       Dungeon |    285 |    285 |      0 |    142 |     79 |   1 |  285.0 |
               +--------+--------+--------+--------+--------+-----+--------+

Top non-repeatable levels by time:
       D: 285 daAuts
